 Dungeon Crawl Stone Soup version 0.25-a0-42-g6c54e25894 (webtiles) character file.

Game seed: 8084173446931303661, levelgen mode: deterministic

4757 Napalmbreeze the Transmogrifier (level 10, 0/124 HPs)
             Began as a Demigod Transmuter on Oct 23, 2019.
             Succumbed to a killer bee's poison
             ... on level 9 of the Dungeon.
             The game lasted 00:38:04 (14058 turns).

Napalmbreeze the Transmogrifier (DgTm)             Turns: 14058, Time: 00:38:05

Health: 0/124      AC: 25    Str: 13    XL:     10   Next: 3%
Magic:  13/23      EV:  2    Int: 23    God:
Gold:   189        SH:  0    Dex: 16    Spells: 6/21 levels left

rFire    . . .     SeeInvis .     - Unarmed
rCold    . . .     Gourm    .   (no shield)
rNeg     + + +     Faith    .   (armour currently unavailable)
rPois    +         Spirit   .   (helmet currently unavailable)
rElec    .         Reflect  .   (cloak currently unavailable)
rCorr    .         Harm     .   (gloves currently unavailable)
MR       ++...     NoTele   +   (boots currently unavailable)
Stlth    +.........             (no amulet)
HPRegen  0.30/turn              n - ring of protection from magic
MPRegen  0.18/turn              D - ring of wizardry

@: lethally poisoned (0 -> -6), tree-form
A: high mp 1
a: no special abilities


You were on level 9 of the Dungeon.
You were not hungry.
You were a tree.
You visited 1 branch of the dungeon, and saw 9 of its levels.
You also visited: Ossuary.

You collected 260 gold pieces.
You spent 71 gold pieces at shops.

Inventory:

Missiles
 C - 57 arrows
Armour
 e - a +2 ring mail of poison resistance (melded)
 i - a +0 helmet (melded)
 p - a scarf of repulsion (melded)
 E - a +0 cloak of invisibility
Jewellery
 n - a ring of protection from magic (left branch)
 B - an uncursed ring of magical power
 D - a ring of wizardry (right branch)
Wands
 b - a wand of polymorph (7)
 s - a wand of iceblast (9)
 F - a wand of paralysis (4)
 G - a wand of acid (9)
 K - a wand of flame (23)
Scrolls
 g - 2 scrolls of fog
 h - a scroll of amnesia
 j - a scroll of enchant weapon
 k - 3 scrolls of remove curse
 l - 3 scrolls of enchant armour
 t - a scroll of torment
 y - 3 scrolls of teleportation
 A - a scroll of magic mapping
 L - a scroll of blinking
Potions
 a - a potion of mutation {unknown}
 c - a potion of magic {unknown}
 f - a potion of lignification
 m - 3 potions of cancellation
 q - 2 potions of heal wounds {unknown}
 r - a potion of might
 u - 2 potions of agility
 v - 2 potions of berserk rage
 x - a potion of ambrosia {unknown}
 H - a potion of brilliance {unknown}
 I - a potion of haste
Comestibles
 d - 16 rations


   Skills:
 - Level 6.0 Fighting
 - Level 1.7 Dodging
 - Level 6.0 Unarmed Combat
 + Level 6.3 Spellcasting
 * Level 8.6 Transmutations
 - Level 3.0 Ice Magic


You had 6 spell levels left.
You knew the following spells:

 Your Spells              Type           Power        Failure   Level  Hunger
a - Beastly Appendage     Tmut           #####.       1%          1    None
d - Spider Form           Tmut/Pois      ####......   1%          3    #......
e - Ice Form              Ice/Tmut       ####....     3%          4    ###....
q - Blade Hands           Tmut           #####.....   2%          5    #####..
s - Sticks to Snakes      Tmut           #####...     1%          2    None

Your spell library contained the following spells:

 Spells                   Type           Power        Failure   Level  Hunger


Dungeon Overview and Level Annotations

Branches:
Dungeon (9/15)             Temple (0/1) D:6             Orc (0/2) D:9
Ossuary (visited)
   Lair: D:8-11

Shops:
D:4 ?   D:6 (


Innate Abilities, Weirdness & Mutations

You have an increased reservoir of magic. (+10% MP)


Message History

Okay, then.
Unknown command.
Really quaff the potion of lignification?
You turn into a tree.
Your scarf of repulsion melds into your body.
Your +0 helmet melds into your body.
Your +2 ring mail of poison resistance melds into your body.
The haze of the repulsion field disappears.
You no longer feel resistant to poison.
Your roots penetrate the ground.
* * * LOW HITPOINT WARNING * * *
You feel sick.
The killer bee stings you but does no damage.
The killer bee stings you.
* * * LOW HITPOINT WARNING * * *
Unknown command.
Unknown command.
Unknown command.
You smack the killer bee!
The killer bee is heavily wounded.
You die...

#...........##
###[#.##..[..))##
#.._..###....#†.###
..#.### ###.###...#
....# ### ##..#
##### #.## # #.# #
#.# #♣# ## #y# .#
#y# .... #y## ##...
#oo# #. #o.# #.5#
#..####'###
#).........


You could see an orc warrior, 3 killer bees, an orc wizard, a crimson imp and an
orc.

Vanquished Creatures
  Pikel (D:7)
  Grinder (D:3)
  Prince Ribbit (D:7)
  A hippogriff (D:9)
  Sigmund (D:5)
  A hungry ghost (D:6)
  The ghost of Toastz the Digger, an amateur GrEE of Elyvilon (D:4)
  Duvessa (D:6)
  2 orc warriors
  2 ice beasts
  2 slaves (D:7)
  A phantom (D:4)
  5 ogres
  2 centaurs (D:6)
  A crocodile (D:9)
  2 bullfrogs (D:8)
  A wyvern zombie (D:8)
  Dowan (D:6)
  8 scorpions
  2 killer bees (D:9)
  3 wights (D:6)
  6 centaur zombies (Ossuary)
  2 hounds
  A bullfrog skeleton (D:7)
  A jelly (D:5)
  3 orc priests
  Crazy Yiuf (D:2)
  A centaur skeleton (D:4)
  An iguana (D:6)
  8 orc wizards
  7 worker ants
  A big kobold zombie (Ossuary)
  A hound zombie (D:6)
  A hound skeleton (D:4)
  2 mummies (Ossuary)
  2 worker ant zombies
  Robin (D:2)
  2 gnolls (D:6)
  9 adders
  3 scorpion zombies (Ossuary)
  A shadow imp (D:8)
  3 oozes
  2 adder skeletons
  A worm (D:2)
  A dart slug (D:4)
  5 leopard geckos
  31 orcs
  3 ball pythons
  8 bats
  8 giant cockroaches
  13 goblins
  20 hobgoblins
  8 jackals
  19 kobolds
  5 quokkas
  6 frilled lizards
  A goblin zombie (Ossuary)
  A kobold zombie (Ossuary)
  2 orc zombies (Ossuary)
  2 quokka skeletons
  9 rats
  2 rat zombies (D:4)
244 creatures vanquished.

Vanquished Creatures (collateral kills)
  A bullfrog (D:7)
  A killer bee (D:9)
  An orc priest (D:9)
  A gnoll shaman (D:6)
  A big kobold zombie (Ossuary)
  A mummy (Ossuary)
  2 gnolls (D:6)
  A howler monkey zombie (D:9)
  An adder (D:9)
  An adder skeleton (D:5)
  2 orcs
  A goblin (D:2)
  2 hobgoblins (D:2)
  A jackal (D:7)
  A bat (D:2)
18 creatures vanquished.

Vanquished Creatures (others)
  An orc wizard (D:5)
  2 fungi (D:4)
  2 plants (D:4)
5 creatures vanquished.

Grand Total: 267 creatures vanquished

Notes
Turn   | Place    | Note
-------+----------+-------------------------------------------
     0 | D:1      | Napalmbreeze the Demigod Transmuter began the quest for the
                  | Orb.
     0 | D:1      | Reached XP level 1. HP: 15/15 MP: 5/5
    70 | D:1      | Reached skill level 1 in Fighting
   363 | D:1      | Reached XP level 2. HP: 20/23 MP: 7/7
   452 | D:1      | Reached skill level 2 in Transmutations
   493 | D:1      | Learned a level 2 spell: Sticks to Snakes
  1400 | D:2      | Reached XP level 3. HP: 17/29 MP: 6/8
  1699 | D:2      | Learned a level 3 spell: Spider Form
  1957 | D:2      | Noticed Robin
  1987 | D:2      | Killed Robin
  2183 | D:2      | Found a blossoming altar of Fedhas.
  2340 | D:2      | Reached XP level 4. HP: 22/37 MP: 7/10
  2880 | D:2      | Found a runed translucent door.
  2881 | D:2      | Noticed Crazy Yiuf
  3847 | D:3      | Reached XP level 5. HP: 35/44 MP: 9/11
  3906 | D:3      | Found a shadowy altar of Dithmenos.
  4111 | D:3      | Noticed Grinder
  4336 | D:3      | Killed Grinder
  4336 | D:3      | Reached skill level 3 in Transmutations
  4336 | D:3      | Reached XP level 6. HP: 16/52 MP: 7/13
  5441 | D:4      | Found Naesuic's Magic Scroll Shoppe.
  5451 | D:4      | Found a sand-covered staircase.
  5458 | Ossuary  | Entered an ossuary
  5513 | Ossuary  | Learned a level 5 spell: Blade Hands
  5533 | Ossuary  | Reached XP level 7. HP: 55/60 MP: 15/15
  5996 | Ossuary  | Reached skill level 5 in Fighting
  6132 | Ossuary  | Reached skill level 4 in Transmutations
  6704 | D:4      | Found a stormy altar of Qazlal.
  6717 | D:4      | Reached XP level 8. HP: 67/69 MP: 14/17
  7175 | D:4      | Reached skill level 5 in Unarmed Combat
  7281 | D:4      | Found a runed translucent gate.
  7282 | D:4      | Found a runed translucent gate.
  7282 | D:4      | Noticed Toastz's ghost (amateur GrEE)
  7283 | D:4      | Found a runed translucent gate.
  7296 | D:4      | Learned a level 4 spell: Ice Form
  7468 | D:4      | Got a twisted robe
  7484 | D:4      | Bought a scroll of fog for 26 gold pieces
  7484 | D:4      | Bought a scroll of magic mapping for 45 gold pieces
  7494 | D:4      | Identified the +2 robe "Mauxoefi" {MR++ Int-5 Dex+4} (You
                  | found it on level 4 of the Dungeon)
  8382 | D:5      | Entered Level 5 of the Dungeon
  8569 | D:5      | Reached skill level 5 in Transmutations
  9036 | D:5      | Noticed Sigmund
  9050 | D:5      | Killed Sigmund
  9215 | D:5      | Found a bloodstained altar of Trog.
  9336 | D:5      | Found a shattered altar of Ashenzari.
  9490 | D:5      | Found a shimmering blue altar of Sif Muna.
  9616 | D:6      | Noticed Duvessa
  9616 | D:6      | Noticed Dowan
  9645 | D:6      | Killed Duvessa
  9648 | D:6      | Reached skill level 6 in Transmutations
  9669 | D:6      | Killed Dowan
  9669 | D:6      | Reached skill level 5 in Spellcasting
  9739 | D:6      | Found a staircase to the Ecumenical Temple.
 10048 | D:6      | Reached XP level 9. HP: 63/75 MP: 14/20
 10656 | D:6      | Found Vuetih's Antique Weapon Shop.
 10808 | D:6      | Reached skill level 7 in Transmutations
 11208 | D:6      | Found a snail-covered altar of Cheibriados.
 11463 | D:7      | Found a glowing silver altar of Zin.
 11671 | D:7      | Found an ancient bone altar of Kikubaaqudgha.
 11674 | D:7      | Noticed Pikel
 11696 | D:7      | Killed Pikel
 11696 | D:7      | Reached skill level 1 in Ice Magic
 11841 | D:7      | Found a sparkling altar of Nemelex Xobeh.
 12083 | D:7      | Noticed Prince Ribbit
 12096 | D:7      | Killed Prince Ribbit
 12096 | D:7      | Reached skill level 8 in Transmutations
 12405 | D:2      | Killed Crazy Yiuf
 12628 | D:4      | HP: 3/75 [Toastz's ghost/stone arrow (12)]
 12631 | D:4      | Killed Toastz's ghost
 13937 | D:9      | Found an ornate altar of the Wu Jian Council.
 14009 | D:9      | Reached XP level 10. HP: 70/83 MP: 14/23
 14024 | D:9      | Found a staircase to the Orcish Mines.
 14056 | D:9      | HP: 4/83 [poisoned by a killer bee]
 14057 | D:9      | HP: 1/124 [killer bee (5)]
 14058 | D:9      | Succumbed to a killer bee's poison

Levels and vault maps discovered:
D:1:      dpeg_arrival_erosion, layout_rooms, serial_co_window_serial,
          co_window_cross_1, co_window_of_opportunity_a,
          co_window_of_opportunity_a, co_window_corner_a, co_window_paths_b,
          co_window_corner_a, co_window_of_opportunity_a, co_window_paths_b,
          co_window_paths_b, co_window_corner_ca, co_window_corner_b,
          co_window_of_opportunity_c, co_window_corner_b,
          co_window_unsneaky_path_b, co_window_of_opportunity_c,
          glass_columns_a, glass_columns_c, glass_columns_a, glass_columns_a
D:2:      layout_rooms, lemuel_coloured_pillars_altar, uniq_crazy_yiuf_cottage,
          uniq_robin
D:3:      layout_basic, nicolae_dithmenos_through_a_glass_darkly, uniq_grinder
D:4:      minmay_angry_zag, layout_layer_cave, kennysheep_mini_moat,
          serial_shops, shop, first_ration, enter_ossuary_4,
          gammafunk_ghost_nasty_kobolds
D:5:      layout_basic, kennysheep_little_box, marbit_many_paths,
          lemuel_blue_sif_altar, uniq_sigmund
D:6:      layout_basic, overflow_temple_1_default,
          minmay_temple_entry_large_hall, serial_shops, shop, uniq_duvessa
D:7:      layout_rooms, nicolae_overflow_crystal_walls,
          overflow_temple_1_default, overflow_temple_1_default,
          uniq_prince_ribbit1, uniq_pikel
D:8:      layout_cave_pools
D:9:      layout_cave_pods, lemuel_crystal_altar, david_orc_3,
          nrook_pool_corridor

Skill      XL: |  1  2  3  4  5  6  7  8  9 10 |
---------------+-------------------------------+-----
Fighting       | 1 2 3 4 5 6 |  6.0
Transmutations | 2 3 4 6 8 |  8.6
Spellcasting   | 2 3 4 5 6 |  6.3
Unarmed Combat | 3 4 5 6 |  6.0
Ice Magic      | 2 3 |  3.0
Dodging        | |  1.7

Action                   |  1- 3 |  4- 6 |  7- 9 | 10-12 || total
-------------------------+-------+-------+-------+-------++-------
Melee: Unarmed           |   148 |   289 |   667 |    11 ||  1115
       Headbutt          |    10 |    12 |    37 |       ||    59
       Kick              |     9 |    32 |    70 |       ||   111
       Punch             |       |     6 |    12 |       ||    18
 Cast: Beastly Appendage |    13 |    20 |    30 |       ||    63
       Sticks to Snakes  |     2 |    12 |    17 |     1 ||    32
       Spider Form       |       |     2 |    11 |     1 ||    14
       Blade Hands       |       |       |    10 |     1 ||    11
       Ice Form          |       |       |     1 |       ||     1
 Abil: End Transformatio |       |       |       |     1 ||     1
  Use: Potion            |       |     2 |     3 |     2 ||     7
       Scroll            |       |       |    13 |       ||    13
 Stab: Sleeping          |     3 |     1 |       |       ||     4
       Distracted        |       |       |     3 |       ||     3
  Eat: Chunk             |     5 |     8 |    14 |     1 ||    28
       Ration            |       |     1 |     7 |       ||     8
Armor: Robe              |    31 |    35 |       |       ||    66
       Skin              |       |     1 |     8 |     1 ||    10
       Ring mail         |       |    12 |   184 |     7 ||   203
Dodge: Dodged            |   103 |   184 |   313 |    14 ||   614
       Deflected         |       |       |     2 |       ||     2

Table legend:
 A = Non-vault XP
 B = Vault XP
 C = Vault XP percentage of total XP
 D = Non-vault monster count
 E = Vault monster count
 F = Vault count percentage of total count
                 A         B        C        D         E       F
            +---------+---------+-------+---------+---------+-------
      Total |    3779 |    3018 |  44.4 |     192 |      68 |  26.2
            +---------+---------+-------+---------+---------+-------
        D:1 |      36 |       2 |   5.3 |      21 |       1 |   4.5
        D:2 |     133 |      71 |  34.8 |      36 |      13 |  26.5
        D:3 |     251 |     295 |  54.0 |      39 |       1 |   2.5
        D:4 |     425 |     347 |  44.9 |      15 |      16 |  51.6
        D:5 |     427 |     212 |  33.2 |      17 |       2 |  10.5
        D:6 |    1165 |     225 |  16.2 |      22 |       2 |   8.3
        D:7 |     249 |     890 |  78.1 |      18 |       2 |  10.0
        D:8 |     514 |       0 |   0.0 |      14 |       0 |   0.0
        D:9 |     579 |     205 |  26.1 |      10 |       6 |  37.5
    Ossuary |       0 |     771 | 100.0 |       0 |      25 | 100.0
            +---------+---------+-------+---------+---------+-------
